 Dungeon Crawl Stone Soup version 0.28.0 (webtiles) character file.

Game seed: 11667091841272565532

66 croobank the Grasshopper (level 3, -2/29 HPs)
             Began as a Demigod Warper on Feb 6, 2022.
             Slain by a gnoll (11 damage)
             ... on level 3 of the Dungeon.
             The game lasted 00:05:13 (1776 turns).

croobank the Grasshopper (Demigod Warper)           Turns: 1776, Time: 00:05:14

Health: -2/29      AC:  4    Str: 12    XL:     3   Next: 69%
Magic:  8/8        EV: 12    Int: 19    God:
Gold:   72         SH:  0    Dex: 13    Spells: 3/5 levels left

rFire   . . .      SeeInvis .   a - +0 hand axe
rCold   . . .      Faith    .   (no shield)
rNeg    . . .      Spirit   .   b - +0 leather armour
rPois   .          Reflect  .   j - +0 helmet
rElec   .          Harm     .   (no cloak)
rCorr   .          Rampage  .   (no gloves)
Will    .....                   (no boots)
Stlth   +.........              (no amulet)
HPRegen 0.09/turn               (no ring)
MPRegen 0.11/turn               (no ring)

@: invisible (expiring)
A: high MP 1, forlorn, divine attributes
a: no special abilities


You were on level 3 of the Dungeon.
You visited 1 branch of the dungeon, and saw 3 of its levels.

You collected 72 gold pieces.

Inventory:

Hand Weapons
 a - a +0 hand axe (weapon)
Missiles
 d - 5 boomerangs of dispersal (quivered)
 e - 15 arrows
 f - 20 stones
 i - 8 bolts
Armour
 b - a +0 leather armour (worn)
 h - a +0 plate armour
 j - a +0 helmet (worn)
 k - a +0 ring mail
Jewellery
 l - a ring of fire
Scrolls
 c - a scroll of blinking


   Skills:
 + Level 2.0 Fighting
 + Level 2.5 Axes
 + Level 0.8 Throwing
 + Level 1.4 Armour
 + Level 2.6 Dodging
 + Level 0.1 Stealth
 + Level 1.7 Spellcasting
 + Level 3.0 Translocations


You had 3 spell levels left.
You knew the following spells:

 Your Spells              Type           Power      Damage    Failure   Level
a - Blink                 Tloc           26%        N/A       10%         2

Your spell library contained the following spells:

 Spells                   Type           Power      Damage    Failure   Level
 Gell's Gravitas          Tloc           13%        N/A       19%         3
 Lesser Beckoning         Tloc           13%        N/A       19%         3
 Teleport Other           Tloc           13%        N/A       19%         3
 Manifold Assault         Tloc           13%        N/A       87%         5


Dungeon Overview and Level Annotations

Branches:
Dungeon (3/15)

Annotations:
D:2 Sigmund


Innate Abilities, Weirdness & Mutations

You have an increased reservoir of magic. (+10% MP)
You shall have no god before yourself.
Your divine heritage dramatically boosts your attributes as you level up.


Message History

You hit the gnoll but do no damage. The gnoll hits you with a +0 whip.
You hit the gnoll.
The gnoll is moderately wounded.
The gnoll hits you with a +0 whip.
You hit the gnoll.
The gnoll is lightly wounded.
You hit the gnoll but do no damage. You hit the gnoll.
Your punch misses the gnoll.
The gnoll is heavily wounded.
The gnoll barely misses you.
You hit the gnoll.
The gnoll is severely wounded.
The gnoll barely misses you.
You barely miss the gnoll.
The gnoll is severely wounded.
The gnoll closely misses you. The gnoll barely misses you.
You barely miss the gnoll.
The gnoll is severely wounded.
The gnoll hits you with a +0 whip.
You hit the gnoll.
You kill the gnoll!
You strike the helpless gnoll from behind!
You hit the gnoll.
The gnoll is moderately wounded.
The gnoll misses you.
You barely miss the gnoll.
The gnoll is moderately wounded.
The gnoll closely misses you.
You closely miss the gnoll.
The gnoll is moderately wounded.
You flicker for a moment.
The gnoll hits you with a +0 flail!
You catch the helpless gnoll completely off-guard!
You hit the gnoll.
The gnoll is heavily wounded.
The gnoll closely misses you.
You barely miss the gnoll.
The gnoll is heavily wounded.
The gnoll hits you with a +0 flail!
You die...

..............##.#
..............##.#########
.........................#
.....g...........#######.#
# .................#
#####.#.#
##.........#.....#
#....S..#
......g###g#####.#
#.###.#.#
#.........g...##.# #.#.#
+..........g..##@# ... #
#.............##g# #.#
.#.###+###+##.##g# #.# #.
#.##g# #.# . #....# #.# .
...................
.....#.##.#######.##
.##......... #.#
#..#.###### #.#


You could see 3 gnolls.

Vanquished Creatures
  A gnoll (D:3)
  3 adders
  3 ball pythons (D:1)
  2 bats (D:1)
  An endoplasm (D:1)
  A giant cockroach (D:1)
  4 goblins (D:1)
  2 hobgoblins
  3 kobolds (D:1)
  3 quokkas (D:1)
  3 frilled lizards
  3 rats (D:1)
29 creatures vanquished.

Notes
Turn   | Place    | Note
-------+----------+-------------------------------------------
     0 | D:1      | croobank the Demigod Warper began the quest for the Orb.
     0 | D:1      | Reached XP level 1. HP: 17/17 MP: 5/5
    71 | D:1      | Reached skill level 1 in Armour
   275 | D:1      | Reached XP level 2. HP: 19/24 MP: 7/7
   386 | D:1      | Reached skill level 3 in Translocations
   446 | D:1      | Learned a level 2 spell: Blink
  1218 | D:2      | Reached XP level 3. HP: 16/29 MP: 8/8
  1424 | D:2      | Noticed Sigmund
  1776 | D:3      | Slain by a gnoll

Illustrated notes

Levels and vault maps discovered:
D:1:      minmay_arrival_nine_rooms, layout_loops_corners,
          hellmonk_ecumenical_altar_pennies_from_heaven, grunt_decor_arrowhead
D:2:      layout_loops_corners, uniq_sigmund
D:3:      layout_basic, gammafunk_temple_overflow_claw,
          nicolae_tso_carved_into_rock, serial_shops, nicolae_shop_hallway_plus,
          shop, nicolae_shop_bloodbath_and_beyond, minmay_vboxes, uniq_terence

Skill      XL: |  1  2 |
---------------+-------+-----
Armour         | 1 |  1.4
Dodging        | 2 |  2.6
Axes           | 2 |  2.5
Translocations | 3 |  3.0
Fighting       | 2 |  2.0
Throwing       | |  0.8
Stealth        | |  0.1
Spellcasting   | |  1.7

Action                   || total
-------------------------++-------
Melee: Hand axe          ||   124
 Cast: Blink             ||     2
  Use: Potion            ||     3
       Scroll            ||     2
 Stab: Sleeping          ||     1
       Invisible         ||     2
Armor: Leather armour    ||    45
Dodge: Dodged            ||    82
